Workbook

Sheet Existants  En cours
A1: Etat des lieux des actions RSE "existantes" de l'entreprise
B2: Axes RSE (Environnement, Social, Sociétal) | C2: Piliers RSE (ISO 26000) | D2: Sous-piliers RSE (ISO 26000) | E2: Actions | F2: Réalisé | G2: En cours | H2: Responsable | I2: Date | J2: PP concernée | K2: Niveau d'efficacité (1-4) | L2: Commentaires
A3: 1 | B3: Environnement | C3: 6.2 Gouvernance de l’organisation | D3: Redevabilité | F3: FALSE | G3: FALSE
A4: 2 | B4: Environnement | F4: FALSE | G4: FALSE
A5: 3 | F5: FALSE | G5: FALSE
A6: 4 | F6: FALSE | G6: FALSE
A7: 5 | F7: FALSE | G7: FALSE
A8: 6 | F8: FALSE | G8: FALSE
A9: 7 | F9: FALSE | G9: FALSE
A10: 8 | F10: FALSE | G10: FALSE
A11: 9 | F11: FALSE | G11: FALSE
A12: 10 | F12: FALSE | G12: FALSE
A13: 11 | F13: FALSE | G13: FALSE
A14: 12 | F14: FALSE | G14: FALSE
A15: 13 | F15: FALSE | G15: FALSE
A16: 14 | F16: FALSE | G16: FALSE
... A102: 100 | F102: FALSE | G102: FALSE

Sheet Planifiés
A1: Etat des lieux des actions RSE "à planifier" de l'entreprise
B2: Axes RSE (Environnement, Social, Sociétal) | C2: Piliers RSE (ISO 26000) | D2: Actions | E2: PP | F2: Responsable | G2: Niveau d'importance (1-4) | H2: Date prévisionnelle | I2: Délai | J2: Date réelle | K2: Planifié | L2: En cours | M2: Réalisé | N2: Commentaires
A3: 1 | B3: Environnement | C3: 6.5 L’environnement | G3: 1 | I3: =DATEDIF(TODAY(),H3,"d") -> #NUM! | K3: TRUE | L3: TRUE | M3: TRUE
A4: 2 | I4: =DATEDIF(TODAY(),H4,"d") -> #NUM! | K4: FALSE | L4: FALSE | M4: FALSE
A5: 3 | I5: =DATEDIF(TODAY(),H5,"d") -> #NUM! | K5: FALSE | L5: FALSE | M5: FALSE
A6: 4 | I6: =DATEDIF(TODAY(),H6,"d") -> #NUM! | K6: FALSE | L6: FALSE | M6: FALSE
A7: 5 | I7: =DATEDIF(TODAY(),H7,"d") -> #NUM! | K7: FALSE | L7: FALSE | M7: FALSE
A8: 6 | I8: =DATEDIF(TODAY(),H8,"d") -> #NUM! | K8: FALSE | L8: FALSE | M8: FALSE
A9: 7 | I9: =DATEDIF(TODAY(),H9,"d") -> #NUM! | K9: FALSE | L9: FALSE | M9: FALSE
A10: 8 | I10: =DATEDIF(TODAY(),H10,"d") -> #NUM! | K10: FALSE | L10: FALSE | M10: FALSE
A11: 9 | I11: =DATEDIF(TODAY(),H11,"d") -> #NUM! | K11: FALSE | L11: FALSE | M11: FALSE
A12: 10 | I12: =DATEDIF(TODAY(),H12,"d") -> #NUM! | K12: FALSE | L12: FALSE | M12: FALSE
A13: 11 | I13: =DATEDIF(TODAY(),H13,"d") -> #NUM! | K13: FALSE | L13: FALSE | M13: FALSE
A14: 12 | I14: =DATEDIF(TODAY(),H14,"d") -> #NUM! | K14: FALSE | L14: FALSE | M14: FALSE
A15: 13 | I15: =DATEDIF(TODAY(),H15,"d") -> #NUM! | K15: FALSE | L15: FALSE | M15: FALSE
... A102: 100 | I102: =DATEDIF(TODAY(),H102,"d") -> #NUM! | K102: FALSE | L102: FALSE | M102: FALSE

Sheet Données
A1: Piliers RSE | B1: Sous-piliers RSE | D1: Type | E1: Sous-type 1 | F1: Sous-type 2 | G1: Sous-type 3 | H1: Sous-type 4 | I1: Sous-type 5 | J1: Sous-type 6 | K1: Sous-type 7 | L1: Sous-type 8
A2: 6.2 Gouvernance de l’organisation | B2: Redevabilité | D2: 6.2 Gouvernance de l’organisation | E2: Redevabilité | F2: Transparence | G2: Comportement éthique | H2: Reconnaissance des intérêts des parties prenantes | I2: Respect du principe de légalité | J2: Prise en compte des normes internationales de comportement | K2: Respect des droits de l’Homme
B3: Transparence | D3: 6.3 Droits de l’Homme | E3: 6.3.3 Devoir de vigilance | F3: 6.3.4 Situations présentant un risque pour les droits de l’Homme | G3: 6.3.5 Prévention de la complicité | H3: 6.3.6 Remédier aux atteintes aux droits de l’Homme | I3: 6.3.7 Discrimination et groupes vulnérables | J3: 6.3.8 Droits civils et politiques | K3: 6.3.9 Droits économiques, sociaux et culturels | L3: 6.3.10 Principes fondamentaux et droits au travail
B4: Comportement éthique | D4: 6.4 Relations et conditions de travail | E4: 6.4.3 Emploi et relations employeur/employé | F4: 6.4.4 Conditions de travail et protection sociale | G4: 6.4.5 Dialogue social | H4: 6.4.6 Santé et sécurité au travail | I4: 6.4.7 Développement du capital humain
B5: Reconnaissance des intérêts des parties prenantes | D5: 6.5 L’environnement | E5: 6.5.3 Prévention de la pollution | F5: 6.5.4 Utilisation durable des ressources | G5: 6.5.5 Atténuation des changements climatiques et adaptation | H5: 6.5.6 Protection de l’environnement, biodiversité et réhabilitation des habitats naturels
B6: Respect du principe de légalité | D6: 6.6 Bonnes pratiques des affaires | E6: 6.6.3 Lutte contre la corruption | F6: 6.6.4 Engagement politique responsable | G6: 6.6.5 Concurrence loyale | H6: 6.6.6 Promotion de la responsabilité sociétale dans la chaîne de valeur | I6: 6.6.7 Respect des droits de propriété
B7: Prise en compte des normes internationales de comportement | D7: 6.7 Protection du consommateur | E7: 6.7.3 Pratiques loyales en matière de commercialisation, d’informations et de contrats | F7: 6.7.4 Protection de la santé et de la sécurité des consommateurs | G7: 6.7.5 Consommation durable | H7: 6.7.6 Service après-vente, assistance et résolution des réclamations et litiges pour les consommateurs | I7: 6.7.7 Protection des données et de la vie privée des consommateurs | J7: 6.7.8 Accès aux services essentiels | K7: 6.7.9 Éducation et sensibilisation
B8: Respect des droits de l’Homme | D8: 6.8 Contribution au développement local | E8: 6.8.3 Implication auprès des communautés | F8: 6.8.4 Éducation et culture | G8: 6.8.5 Création d’emplois et développement des compétences | H8: 6.8.6 Développement des technologies et accès à la technologie | I8: 6.8.7 Création de richesses et de revenus | J8: 6.8.8 La santé | K8: 6.8.9 Investissement dans la société
A9: 6.3 Droits de l’Homme | B9: 6.3.3 Devoir de vigilance
B10: 6.3.4 Situations présentant un risque pour les droits de l’Homme
B11: 6.3.5 Prévention de la complicité
B12: 6.3.6 Remédier aux atteintes aux droits de l’Homme
B13: 6.3.7 Discrimination et groupes vulnérables
B14: 6.3.8 Droits civils et politiques
B15: 6.3.9 Droits économiques, sociaux et culturels
B16: 6.3.10 Principes fondamentaux et droits au travail
A17: 6.4 Relations et conditions de travail | B17: 6.4.3 Emploi et relations employeur/employé
B18: 6.4.4 Conditions de travail et protection sociale
B19: 6.4.5 Dialogue social
B20: 6.4.6 Santé et sécurité au travail
B21: 6.4.7 Développement du capital humain
A22: 6.5 L’environnement | B22: 6.5.3 Prévention de la pollution
B23: 6.5.4 Utilisation durable des ressources
B24: 6.5.5 Atténuation des changements climatiques et adaptation
B25: 6.5.6 Protection de l’environnement, biodiversité et réhabilitation des habitats naturels
A26: 6.6 Bonnes pratiques des affaires | B26: 6.6.3 Lutte contre la corruption
B27: 6.6.4 Engagement politique responsable
B28: 6.6.5 Concurrence loyale
B29: 6.6.6 Promotion de la responsabilité sociétale dans la chaîne de valeur
B30: 6.6.7 Respect des droits de propriété
A31: 6.7 Protection du consommateur | B31: 6.7.3 Pratiques loyales en matière de commercialisation, d’informations et de contrats
B32: 6.7.4 Protection de la santé et de la sécurité des consommateurs
B33: 6.7.5 Consommation durable
B34: 6.7.6 Service après-vente, assistance et résolution des réclamations et litiges pour les consommateurs
B35: 6.7.7 Protection des données et de la vie privée des consommateurs
B36: 6.7.8 Accès aux services essentiels
B37: 6.7.9 Éducation et sensibilisation
A38: 6.8 Contribution au développement local | B38: 6.8.3 Implication auprès des communautés
B39: 6.8.4 Éducation et culture
B40: 6.8.5 Création d’emplois et développement des compétences
B41: 6.8.6 Développement des technologies et accès à la technologie
B42: 6.8.7 Création de richesses et de revenus
B43: 6.8.8 La santé
B44: 6.8.9 Investissement dans la société
A47: Liste de départ | B47: Axe RSE
A48: 6.2 Gouvernance de l’organisation | B48: Environnement
A49: 6.3 Droits de l’Homme | B49: Social
A50: 6.4 Relations et conditions de travail | B50: Sociétal
A51: 6.5 L’environnement
A52: 6.6 Bonnes pratiques des affaires
A53: 6.7 Protection du consommateur
A54: 6.8 Contribution au développement local
A56: N° | B56: Si affiché niveau 1 | C56: Choix correspondant
A57: 1 | B57: ='Existants En cours'!C3 -> 6.2 Gouvernance de l’organisation | C57: =IF(ISERROR(VLOOKUP(B$57,$D$2:$L$8,$A58,0)),"",IF(VLOOKUP(B$57,$D$2:$L$8,$A58,0)=0,"",VLOOKUP(B$57,$D$2:$L$8,$A58,0))) -> Redevabilité
A58: 2 | C58: =IF(ISERROR(VLOOKUP(B$57,$D$2:$L$8,$A59,0)),"",IF(VLOOKUP(B$57,$D$2:$L$8,$A59,0)=0,"",VLOOKUP(B$57,$D$2:$L$8,$A59,0))) -> Transparence
A59: 3 | C59: =IF(ISERROR(VLOOKUP(B$57,$D$2:$L$8,$A60,0)),"",IF(VLOOKUP(B$57,$D$2:$L$8,$A60,0)=0,"",VLOOKUP(B$57,$D$2:$L$8,$A60,0))) -> Comportement éthique
A60: 4 | B60: ='Existants En cours'!C6 | C60: =IF(ISERROR(VLOOKUP(B$57,$D$2:$L$8,$A61,0)),"",IF(VLOOKUP(B$57,$D$2:$L$8,$A61,0)=0,"",VLOOKUP(B$57,$D$2:$L$8,$A61,0))) -> Reconnaissance des intérêts des parties prenantes
A61: 5 | B61: ='Existants En cours'!C7 | C61: =IF(ISERROR(VLOOKUP(B$57,$D$2:$L$8,$A62,0)),"",IF(VLOOKUP(B$57,$D$2:$L$8,$A62,0)=0,"",VLOOKUP(B$57,$D$2:$L$8,$A62,0))) -> Respect du principe de légalité
A62: 6 | B62: ='Existants En cours'!C8 | C62: =IF(ISERROR(VLOOKUP(B$57,$D$2:$L$8,$A63,0)),"",IF(VLOOKUP(B$57,$D$2:$L$8,$A63,0)=0,"",VLOOKUP(B$57,$D$2:$L$8,$A63,0))) -> Prise en compte des normes internationales de comportement
A63: 7 | B63: ='Existants En cours'!C9 | C63: =IF(ISERROR(VLOOKUP(B$57,$D$2:$L$8,$A64,0)),"",IF(VLOOKUP(B$57,$D$2:$L$8,$A64,0)=0,"",VLOOKUP(B$57,$D$2:$L$8,$A64,0))) -> Respect des droits de l’Homme
A64: 8 | B64: ='Existants En cours'!C10 | C64: =IF(ISERROR(VLOOKUP(B$57,$D$2:$L$8,$A65,0)),"",IF(VLOOKUP(B$57,$D$2:$L$8,$A65,0)=0,"",VLOOKUP(B$57,$D$2:$L$8,$A65,0)))
A65: 9 | B65: ='Existants En cours'!C11
A66: 10 | B66: ='Existants En cours'!C12
A67: 11 | B67: ='Existants En cours'!C13
A68: 12 | B68: ='Existants En cours'!C14
A69: 13 | B69: ='Existants En cours'!C15
A70: 14 | B70: ='Existants En cours'!C16
A71: 15 | B71: ='Existants En cours'!C17
A72: 16 | B72: ='Existants En cours'!C18
A73: 17 | B73: ='Existants En cours'!C19
A74: 18 | B74: ='Existants En cours'!C20
A75: 19 | B75: ='Existants En cours'!C21
A76: 20 | B76: ='Existants En cours'!C22
... A156: 100 | B156: ='Existants En cours'!C102
